 Dungeon Crawl Stone Soup version 0.28.0-53-g5a82cb258f (webtiles) character file.

Game seed: 9606718884622427637

174 Gabide the Conjurer (level 5, 0/22 (40) HPs)
             Began as a Demigod Conjurer on June 26, 2022.
             Slain by Edmund
             ... wielding a +3 flail of draining
              (1 damage)
             ... on level 3 of the Dungeon.
             The game lasted 00:10:13 (3634 turns).

Gabide the Conjurer (Demigod Conjurer)              Turns: 3634, Time: 00:10:14

HP:   0/22 (40)     AC: 11    Str:  8    XL:     5   Next: 7%
MP:   12/12         EV: 11    Int: 24    God:
Gold: 149           SH:  0    Dex: 12    Spells: 7/10 levels left

rFire   . . .      SeeInvis .   a - +0 dagger
rCold   . . .      Faith    .   (no shield)
rNeg    . . .      Spirit   .   s - +0 leather armour
rPois   .          Reflect  .   h - +2 helmet
rElec   .          Harm     .   (no cloak)
rCorr   +          Rampage  .   b - +0 pair of gloves
Will    .....                   (no boots)
Stlth   ++........              (no amulet)
HPRegen 0.07/turn               g - ring of resist corrosion
MPRegen 0.13/turn               d - +4 ring of protection

@: about to teleport, very heavily drained
A: high MP 1, forlorn, divine attributes
a: no special abilities


You were on level 3 of the Dungeon.
You visited 1 branch of the dungeon, and saw 4 of its levels.

You collected 149 gold pieces.

Inventory:

Hand Weapons
 a - a +0 dagger (weapon)
Armour
 b - a +0 pair of gloves (worn)
 h - a +2 helmet (worn)
 s - a +0 leather armour (worn)
Jewellery
 c - a +6 ring of dexterity
 d - a +4 ring of protection (right hand)
 g - a ring of resist corrosion (left hand)
 n - an amulet of guardian spirit
Scrolls
 i - a scroll of summoning {unknown}
 m - a scroll of vulnerability {unknown}
 o - a scroll of silence {unknown}
 p - a scroll of brand weapon {unknown}
 q - a scroll of immolation {unknown}
Potions
 e - a potion of mutation
 f - a potion of degeneration


   Skills:
 + Level 1.3 Fighting
 - Level 2.0 Dodging
 - Level 2.0 Stealth
 - Level 3.0 Spellcasting
 - Level 5.0 Conjurations


You had 7 spell levels left.
You knew the following spells:

 Your Spells              Type           Power      Damage    Failure   Level
a - Magic Dart            Conj           100%       1d8       1%          1
b - Searing Ray           Conj           54%        2d6       3%          2

Your spell library contained the following spells:

 Spells                   Type           Power      Damage    Failure   Level
 Beastly Appendage        Tmut           6%         N/A       16%         1
 Dazzling Flash           Conj/Hex       30%        N/A       17%         3
 Fulminant Prism          Conj/Hex       7%         3d7       50%         4
 Iskenderun's Mystic Bla  Conj/Tloc      15%        2d5       50%         4


Dungeon Overview and Level Annotations

Branches:
Dungeon (4/15)
 Temple: D:4-7

Shops:
D:1 (   D:2 (   D:3 (=[**

Annotations:
D:2 Sigmund
D:3 Edmund


Innate Abilities, Weirdness & Mutations

You have an increased reservoir of magic. (+10% MP)
You shall have no god before yourself.
Your divine heritage dramatically boosts your attributes as you level up.


Message History

Casting: Searing Ray (safe; 3% risk of failure)
Confirm with . or Enter, or press ? or * to list all spells.
Aiming: Searing Ray (safe; 3% risk of failure)
Press: ? - help, Shift-Dir - straight line, f/p - orc warrior
Aim: an orc warrior, wielding a +0 short sword and wearing a +0 plate armour (heavily wounded, 79% to hit)
The searing ray hits Edmund.
Edmund is heavily wounded.
The searing ray hits the orc warrior.
The orc warrior is severely wounded. (Press . to maintain the ray.) Edmund hits you with a +3 flail of draining.
You feel drained.
The searing ray hits Edmund.
Edmund is severely wounded.
The searing ray hits the orc warrior!
The orc warrior is almost dead.
Edmund hits you with a +3 flail of draining!
You feel drained.
The searing ray hits Edmund.
Edmund is severely wounded.
The searing ray hits the orc warrior but does no damage.
The orc warrior is almost dead.
Edmund hits you with a +3 flail of draining.
* * * LOW HITPOINT WARNING * * *
You feel drained.
Edmund hits you with a +3 flail of draining.
* * * LOW HITPOINT WARNING * * *
You feel drained.
* * * LOW HITPOINT WARNING * * *
Okay, then.
Edmund gestures with his flail.
There is an open door here.
Edmund says, "Everyone always remembers my brother. 'Who's Edmund?' they ask!"
You see here a +0 short sword.
As you read the scroll of teleportation, it crumbles to dust.
You feel strangely unstable.
Edmund hits you with a +3 flail of draining.
* * * LOW HITPOINT WARNING * * *
You feel drained.
You die...

.........####'#### #...# #
.....#####.......# #...# #
.....# #.......# #...# #
.....# #.[.....#######
##### # .....#
#...........#.# #
####.#####...o...###.#.###
# #.............# #.....#
# ######.......@# ##....#
# #.......@####....# #
#.#######.<......# #
###[##........#....###
#)..##.######.#......#
##.####.# #..........#
#.....#.# #..........#
#.[...#.# #..........#
#.....#.# #....#######
#.....#.# #....#


You could see Edmund and an orc warrior.

Vanquished Creatures
  An orc priest (D:3)
  2 orc wizards
  3 adders
  A dart slug (D:3)
  8 orcs
  6 bats
  7 endoplasms
  3 giant cockroaches
  7 hobgoblins
  3 kobolds
  5 ball pythons
  3 frilled lizards
  6 goblins
  4 rats
59 creatures vanquished.

Notes
Turn   | Place    | Note
-------+----------+-------------------------------------------
     0 | D:1      | Gabide the Demigod Conjurer began the quest for the Orb.
     0 | D:1      | Reached XP level 1. HP: 14/14 MP: 5/5
   230 | D:1      | Reached skill level 4 in Conjurations
   230 | D:1      | Reached XP level 2. HP: 11/20 MP: 0/7
   511 | D:1      | Learned a level 2 spell: Searing Ray
   743 | D:1      | Found Wesh's Weapon Shoppe.
  1098 | D:2      | Found Doulodo's Weapon Shop.
  1152 | D:2      | Reached XP level 3. HP: 26/26 MP: 6/9
  1253 | D:2      | Got Plato's Tome of Transmigration
  1426 | D:2      | Noticed Sigmund
  1599 | D:3      | Found Saroyl's General Store.
  1599 | D:3      | Found Wadiunoa's General Store.
  1606 | D:3      | Found Waocle's Armour Emporium.
  1681 | D:3      | Found Ytreab's Jewellery Shoppe.
  2044 | D:3      | Reached XP level 4. HP: 33/33 MP: 6/10
  2136 | D:3      | Found Nughyfa's Antique Weapon Shop.
  2155 | D:3      | Reached skill level 5 in Conjurations
  2862 | D:4      | Noticed an orc warrior
  2867 | D:4      | Reached skill level 1 in Fighting
  2867 | D:4      | Reached XP level 5. HP: 40/40 MP: 5/12
  3220 | D:4      | Noticed Edmund
  3634 | D:3      | HP: 1/23 [Edmund/+3 flail of draining (2)]
  3634 | D:3      | Slain by Edmund

Illustrated notes

Levels and vault maps discovered:
D:1:      amcnicky_arrival_double_pillar, layout_rooms, serial_shops,
          nicolae_shop_window_shopping
D:2:      layout_rooms, shapermc_ecumenical_altar_rom_forum, serial_shops,
          nicolae_shop_bloodbath_and_beyond, minmay_heptomino_d4, uniq_sigmund
D:3:      layout_basic, serial_shops, shop, shop, shop, shop,
          nicolae_shop_stone, minmay_checkerbox
D:4:      layout_cave_pools, nicolae_vehumet_radiance, grunt_ministairs_11,
          uniq_edmund

Skill      XL: |  1  2  3  4 |
---------------+-------------+-----
Spellcasting   | 2 3 |  3.0
Conjurations   | 4 5 |  5.0
Dodging        | 2 |  2.0
Stealth        | 2 |  2.0
Fighting       | 1 |  1.3

Action                   |  1- 3 |  4- 6 || total
-------------------------+-------+-------++-------
Melee: Unarmed           |     3 |     1 ||     4
       Dagger            |       |     4 ||     4
 Cast: Magic Dart        |    92 |    24 ||   116
       Searing Ray       |     1 |    11 ||    12
  Use: Scroll            |     4 |     3 ||     7
       Potion            |       |     1 ||     1
Armor: Robe              |     5 |     6 ||    11
       Leather armour    |       |    10 ||    10
Dodge: Dodged            |     4 |    12 ||    16
